 Dungeon Crawl Stone Soup version 0.30.2 (webtiles) character file.

Game seed: 5216738072606799352

199 porpoise the Magician (level 6, -1/46 HPs)
             Began as a Djinni Earth Elementalist on Feb 13, 2024.
             Slain by a river rat (9 damage)
             ... in a sewer.
             The game lasted 00:07:25 (1594 turns).

porpoise the Magician (Djinni Earth Elementalist)   Turns: 1594, Time: 00:07:26

Health: -1/46      AC:  1    Str:  7    XL:     6   Next: 6%
Gold:   77         EV: 12    Int: 18    God:
                   SH:  0    Dex: 14

rFire   + + .        (no weapon)
rCold   x . .        (no shield)
rNeg    . . .        a - +0 robe
rPois   ∞            (no helmet)
rElec   .            (no cloak)
rCorr   .            (no gloves)
SInv    .            (boots unavailable)
Will    .....        b - amulet of regeneration
Stlth   ++           (no ring)
HPRegen 1.07/turn    (no ring)
MPRegen 0.00/turn

%: infuse magic (-2 HP)
@: flying, unable to drink
A: sickness immunity, fire resistance 2, cold vulnerability 1, float, innate
caster, HP casting, extra vitality 1, deformed body, mutation resistance 1,
inability to drink after injury 1
a: no special abilities


You were in a sewer.
You visited 1 branch of the dungeon, and saw 3 of its levels.
You also visited: Sewer.

You collected 77 gold pieces.

Inventory:

Missiles
 f - 12 poisoned darts
Armour
 a - a +0 robe (worn)
Jewellery
 b - an amulet of regeneration (around neck)
 j - an amulet of reflection
Scrolls
 c - a scroll of amnesia {unknown}
 g - 3 scrolls of identify {unknown}
 h - a scroll of poison {unknown}
 i - a scroll of enchant armour {unknown}
 n - a scroll of teleportation {unknown}
Potions
 d - a potion of mutation
 e - a potion of curing {unknown}
 k - a potion of cancellation
 m - a potion of might {unknown}
 o - a potion of brilliance {unknown}
 p - a potion of heal wounds {unknown}
 q - a potion of invisibility {unknown}


   Skills:
 + Level 3.6 Fighting
 - Level 2.1 Dodging
 - Level 1.5 Stealth
 + Level 3.8 Spellcasting


You knew the following spells:

 Your Spells              Type           Power      Damage    Failure   Level
a - Sandblast             Erth           34%        2d9       3%          1
b - Passwall              Tmut/Erth      14%        N/A       4%          2
c - Stone Arrow           Conj/Erth      34%        3d9       10%         3
d - Petrify               Tmut/Erth      17%        N/A       30%         4
e - Apportation           Tloc           34%        N/A       3%          1
f - Static Discharge      Conj/Air       34%        2-4/arc   4%          2
Your spell library was empty.

Dungeon Overview and Level Annotations

Branches:
Dungeon (3/15)              Sewer (1/1)

Altars:

Annotations:
D:2 Sigmund


Innate Abilities, Weirdness & Mutations

You are immune to sickness and miasma.
You are immune to poison.
Your flesh is very heat resistant. (rF++)
You are vulnerable to cold. (rC-)
You float through the air rather than walking.
You learn spells naturally, not from books.
Your magical power is your life essence.
You have superior vitality. (+4 MHP)
Armour fits poorly on your strangely shaped body.
You are somewhat resistant to further mutation.
You occasionally lose the ability to drink potions when taking damage.


Message History

Press: ? - help, Shift-Dir - straight line, f - river rat
Aim: a river rat (water, 80% to hit)
The blast of sand hits the river rat!
The river rat is severely wounded.
* * * LOW HITPOINT WARNING * * *
The river rat bites you!
* * * LOW HITPOINT WARNING * * *
It was a potion of cancellation.
You feel magically purged.
The river rat bites you but does no damage.
It was a potion of mutation.
You feel extremely strange.
Your body twists and deforms.
You occasionally lose the ability to drink potions when taking damage.
You feel genetically stable. The river rat barely misses you.
It was a potion of magic.
Magic washes over you without effect. The river rat bites you!
You feel threatened and lose the ability to drink potions!
* * * LOW HITPOINT WARNING * * *
You cannot drink potions in your current state!
You aren't carrying any items that you can evoke.
The river rat attacks as you move away! The river rat misses you.
The river rat attacks as you move away! The river rat bites you.
* * * LOW HITPOINT WARNING * * *
You can drink potions again.
The river rat attacks as you move away! The river rat misses you.
The river rat attacks as you move away! The river rat closely misses you.
The river rat attacks as you move away!
The river rat bites you but does no damage.
Casting: Sandblast (safe; 3% risk of failure)
Confirm with . or Enter, or press ? or * to list all spells.
Aiming: Sandblast (safe; 3% risk of failure)
Press: ? - help, Shift-Dir - straight line, f/p - river rat
Aim: a river rat (water, severely wounded, 80% to hit)
The blast of sand hits the river rat but does no damage.
The river rat is severely wounded.
The river rat bites you!
You feel threatened and lose the ability to drink potions!
* * * LOW HITPOINT WARNING * * *
The river rat bites you!
You die...

#≈≈# #≈≈# #≈≈#
#≈≈# #≈≈# # #≈≈#
## #### #≈≈#
.###..#########≈≈#
........#..#..#≈@#
........#.....#≈r#
........'.)..##≈≈#
~~~~....#..)..#≈≈#
~~~≈≈~≈≈#..#..#≈≈#
≈≈≈≈≈≈≈≈#######≈≈#
≈≈≈≈≈≈≈≈#≈#≈#≈≈≈≈#
≈≈≈≈≈≈≈≈≈#≈#≈#≈≈≈#
≈≈≈≈≈≈≈≈#≈#≈#≈≈≈≈#


You could see a river rat.

Vanquished Creatures
  A kobold brigand (Sewer)
  A hound (D:3)
  4 river rats
  An adder (Sewer)
  A dart slug (D:1)
  A bat (D:2)
  5 endoplasms
  2 giant cockroaches (D:1)
  3 hobgoblins
  15 kobolds
  2 quokkas
  5 ball pythons
  4 frilled lizards (D:1)
  19 rats
64 creatures vanquished.

Notes
Turn   | Place    | Note
-------+----------+-------------------------------------------
     0 | D:1      | porpoise the Djinni Earth Elementalist began the quest for
                  | the Orb.
     0 | D:1      | porpoise set off with the following spells memorised:
                  | Sandblast, Passwall, Stone Arrow, Petrify.
     0 | D:1      | Reached XP level 1. HP: 15/15 MP: 0/0
    90 | D:1      | Reached skill level 1 in Fighting
    90 | D:1      | Reached XP level 2. HP: 19/22 MP: 0/0
   293 | D:1      | Reached XP level 3. HP: 26/27 MP: 0/0
   293 | D:1      | Learned a level 1 spell: Apportation
   767 | D:2      | Noticed Sigmund
  1062 | D:2      | You are sucked into a shaft and drop 1 floor!
  1114 | D:3      | Reached XP level 4. HP: 25/34 MP: 0/0
  1193 | D:3      | Found a glowing drain.
  1197 | Sewer    | Entered a sewer
  1461 | Sewer    | Noticed a kobold brigand
  1497 | Sewer    | Reached XP level 5. HP: 33/40 MP: 0/0
  1497 | Sewer    | Learned a level 2 spell: Static Discharge
  1523 | Sewer    | Killed a kobold brigand
  1573 | Sewer    | Reached XP level 6. HP: 20/46 MP: 0/0
  1576 | Sewer    | Gained mutation: Armour fits poorly on your strangely
                  | shaped body. [potion of mutation]
  1576 | Sewer    | Gained mutation: You occasionally lose the ability to drink
                  | potions when taking damage. [potion of mutation]
  1576 | Sewer    | Gained mutation: You are somewhat resistant to further
                  | mutation. [potion of mutation]
  1577 | Sewer    | HP: 1/46 [river rat (7)]
  1594 | Sewer    | Slain by a river rat

Illustrated notes

Levels and vault maps discovered:
D:1:      wheals_arrival_linesprint, layout_basic, nrook_mini_backslash
D:2:      layout_basic, serial_shops, nicolae_shop_window_shopping,
          nicolae_figureground_sparkle, uniq_sigmund
D:3:      layout_loops_ring, gup_sewer_entry_bowl, uniq_grinder, uniq_ijyb
Sewer:    sewer_minmay_treatment

Skill      XL: |  1  2  3  4  5 |
---------------+----------------+-----
Fighting       | 1 2 3 |  3.6
Spellcasting   | 3 |  3.8
Dodging        | |  2.1
Stealth        | |  1.5

Action                     |  1- 3 |  4- 6 || total
---------------------------+-------+-------++-------
   Cast: Sandblast         |    40 |    63 ||   103
         Passwall          |     2 |       ||     2
    Use: Scroll            |     1 |       ||     1
         Potion            |       |     3 ||     3
 Armour: Robe              |     2 |     9 ||    11
  Dodge: Dodged            |    16 |    44 ||    60
